 Dungeon Crawl Stone Soup version 0.31-a0-1-g4198be8af4 (webtiles) character file.

Game seed: 17114281006047752827

11918 Jeffwins the Dealer of Despair (level 11, -8/72 HPs)
             Began as an Octopode Necromancer on May 1, 2023.
             Was an Elder of Kikubaaqudgha.
             Mangled by a manticore (11 damage)
             ... on level 12 of the Dungeon.
             The game lasted 00:21:05 (12251 turns).

Jeffwins the Dealer of Despair (OpNe)              Turns: 12251, Time: 00:21:05

Health: -8/72      AC:  1    Str:  8    XL:     11   Next: 85%
Magic:  3/22       EV: 20    Int: 22    God:    Kikubaaqudgha [****..]
Gold:   971        SH:  0    Dex: 12    Spells: 11/25 levels left

rFire   . . .        N - +1 trident (venom)
rCold   . . .        (no shield)
rNeg    . . .        (helmet restricted)
rPois   +            g - amulet of regeneration
rElec   .            v - ring of see invisible
rCorr   .            n - ring of willpower
SInv    +            P - ring of poison resistance
Will    +....        E - +5 ring of evasion
Stlth   +++++        (no ring)
HPRegen 1.12/turn    (no ring)
MPRegen 0.18/turn    (no ring)
                     (no ring)

%: no passive effects
@: spiked
A: almost no armour, amphibious, 8 rings, camouflage 1, gelatinous body 1,
(nimble swimmer 1), tentacles
a: Renounce Religion, Unearth Wretches


You were on level 12 of the Dungeon.
You worshipped Kikubaaqudgha.
Kikubaaqudgha was greatly pleased with you.
You visited 1 branch of the dungeon, and saw 12 of its levels.
You also visited: Sewer.

You collected 971 gold pieces.


Innate Abilities, Weirdness & Mutations

You cannot wear most types of armour.
You are amphibious.
You can wear up to eight rings at the same time.
Your skin changes colour to match your surroundings (Stealth+).
Your rubbery body absorbs attacks. (AC +1, EV +1)
((You are camouflaged when in or above water. (Stealth+)))
You have tentacles for arms and can constrict up to eight enemies at once.


   Skills:
 + Level 5.3 Fighting
 * Level 7.2 Polearms
 + Level 5.1 Throwing
 + Level 6.0 Dodging
 + Level 8.5 Stealth
 + Level 1.9 Shields
 * Level 7.9 Spellcasting
 * Level 9.2 Necromancy
 + Level 5.9 Evocations


You had 11 spell levels left.
You knew the following spells:

 Your Spells              Type           Power      Damage    Failure   Level
e - Death Channel         Necr           24%        N/A       26%         6
n - Dispel Undead         Necr           49%        3d18      1%          4
x - Vampiric Draining     Necr           49%        2d9       1%          3
z - Necrotise             Necr           100%       1d9       1%          1

Your spell library contained the following spells:

 Spells                   Type           Power      Damage    Failure   Level
 Kiss of Death            Conj/Necr      100%       2d13      1%          1
 Animate Dead             Necr           49%        N/A       1%          4
 Cigotuvi's Dreadful Rot  Necr/Pois/Air  44%        N/A       3%          2
 Agony                    Necr           49%        N/A       4%          5
 Sandblast                Erth           16%        2d6       8%          1
 Ensorcelled Hibernation  Hex/Ice        16%        N/A       12%         2
 Passwall                 Tmut/Erth      6%         N/A       12%         2
 Anguish                  Hex/Necr       14%        N/A       12%         4
 Spider Form              Tmut/Pois      8%         N/A       22%         3
 Stone Arrow              Conj/Erth      16%        3d8       22%         3
 Cause Fear               Hex            4%         N/A       58%         4
 Simulacrum               Ice/Necr       14%        N/A       87%         6
 Dragon Form              Tmut           4%         N/A       100%        7
 Dragon's Call            Summ           4%         N/A       100%        9

Inventory:

Hand Weapons
 z - a +2 heavy spear
 G - a +2 spear of venom
 N - a +1 trident of venom (weapon)
Missiles
 t - 46 poisoned darts (quivered)
 u - 3 curare-tipped darts {=f}
Armour
 c - a +0 kite shield
 R - an orb of energy
Magical Staves
 S - a staff of conjuration {!a}
Jewellery
 f - a ring of fire
 g - an amulet of regeneration (around mantle)
 n - a ring of willpower (right tentacle)
 v - a ring of see invisible (left tentacle)
 E - a +5 ring of evasion (on tentacle)
 F - a ring of fire
 H - an amulet of faith {!P}
 L - a ring of flight
 P - a ring of poison resistance (on tentacle)
Wands
 q - a wand of acid (17)
 y - a wand of digging (4)
 A - a wand of polymorph (6)
 J - a wand of charming (24)
 M - a wand of mindburst (10)
 Q - a wand of roots (19)
Scrolls
 b - 3 scrolls of enchant weapon
 d - 4 scrolls of vulnerability {!r}
 i - 3 scrolls of poison
 k - 5 scrolls of teleportation {@r4}
 l - 5 scrolls of amnesia
 m - a scroll of magic mapping
 o - 2 scrolls of fog
 p - a scroll of brand weapon
 r - 6 scrolls of fear {unknown}
 s - 2 scrolls of immolation {!r}
 I - 2 scrolls of identify {@r1}
 K - a scroll of silence {!r}
Potions
 a - 3 potions of magic
 e - 4 potions of brilliance {unknown}
 h - 2 potions of berserk rage {!q}
 j - 4 potions of curing {@q1}
 w - 3 potions of heal wounds {@q2}
 x - 4 potions of flight
 B - a potion of lignification {unknown}
 C - 2 potions of might {unknown}
 D - 3 potions of attraction {unknown}
 O - a potion of resistance {unknown}
 U - a potion of mutation {unknown}
Miscellaneous
 T - a phial of floods (inert)

Dungeon Overview and Level Annotations

Branches:
Dungeon (12/15)            Temple (0/1) D:5            Lair (0/5) D:8
  Sewer (visited)
    Orc: D:9-12

Altars:
Ashenzari
Cheibriados
Dithmenos
Elyvilon
Hepliaklqana
Kikubaaqudgha
Nemelex Xobeh
Okawaru
Qazlal
Ru
Trog
Uskayaw

Shops:
D:6 =

Portals:
Bazaar: D:11
Trove: D:12 (give 2 scrolls of acquirement)

≈≈▒#.
#.##########..##..
≈≈ #> #.# #..##.#
≈ #. #.# #..##.#
#.# #..##.# #.#
#..##.# # #.#
#......
###..####.#
#.###.#
......(.H.### ##.#
#.# ###..####@..#
#..# #.# # ###.#
#.## #.#
###'#▒###▒#'####..
#....#≈≈≈#....##.#
#....▒###▒....##.#
+.............'..#
#.............##.#
▒#▒..▒###▒..▒#▒#.#
#≈#..#≈≈≈#..#≈##..


You could see a manticore.


Message History

The manticore struggles to resist.
Unknown command.
Casting: Necrotise (safe; 1% risk of failure)
Confirm with . or Enter, or press ? or * to list all spells.
Aiming: Necrotise (safe; 1% risk of failure)
Press: ? - help, Shift-Dir - straight line, f/p - manticore
Aim: a manticore (heavily wounded, chance to affect: 70%)
The manticore struggles to resist.
The manticore flicks its tail.
The volley of spikes hits you!
The barbed spikes become lodged in your body.
* * * LOW HITPOINT WARNING * * *
Casting: Necrotise (safe; 1% risk of failure)
Confirm with . or Enter, or press ? or * to list all spells.
Aiming: Necrotise (safe; 1% risk of failure)
Press: ? - help, Shift-Dir - straight line, f/p - manticore
Aim: a manticore (heavily wounded, chance to affect: 70%)
The manticore struggles to resist.
Unknown command.
Casting: Necrotise (safe; 1% risk of failure)
Confirm with . or Enter, or press ? or * to list all spells.
Aiming: Vampiric Draining (safe; 1% risk of failure)
Press: ? - help, Shift-Dir - straight line, f/p - manticore
Aim: a manticore (heavily wounded)
You draw life force from the manticore!
You feel life coursing into your body. The manticore bites you!!
* * * LOW HITPOINT WARNING * * *
The manticore claws you!
You die...
Kikubaaqudgha rasps: "You have failed me!
Welcome... death!"

Skill      XL: |  1  2  3  4  5  6  7  8  9 10 11 |
---------------+----------------------------------+-----
Stealth        | 3 4 5 6 7 8 |  8.5
Spellcasting   | 3 4 5 6 7 |  7.9
Fighting       | 1 2 3 4 5 |  5.3
Necromancy     | 5 6 7 8 9 |  9.2
Evocations     | 1 2 3 4 5 |  5.9
Dodging        | 3 4 5 6 |  6.0
Polearms       | 1 2 3 4 6 7 |  7.2
Throwing       | 1 2 3 4 5 |  5.1
Shields        | 1 |  1.9

Action                     |  1- 3 |  4- 6 |  7- 9 | 10-12 || total
---------------------------+-------+-------+-------+-------++-------
  Melee: Unarmed           |   118 |    54 |       |       ||   172
         Constrict         |    28 |    15 |    24 |    43 ||   110
         Tentacles         |    27 |    16 |    21 |    69 ||   133
         Punch             |     1 |     1 |     3 |     3 ||     8
         Spear             |       |     3 |   129 |    69 ||   201
         Trident           |       |       |       |   211 ||   211
  Throw: Dart              |       |       |       |     8 ||     8
   Cast: Necrotise         |    19 |    54 |    14 |    19 ||   106
         Vampiric Draining |       |     1 |    49 |   104 ||   154
         Dispel Undead     |       |       |    19 |    21 ||    40
  Evoke: Wand              |       |     6 |     1 |     2 ||     9
         Phial of floods   |       |       |       |     1 ||     1
    Use: Scroll            |       |     4 |     3 |     4 ||    11
         Potion            |       |     2 |       |       ||     2
   Stab: Sleeping          |    12 |     5 |    15 |    17 ||    49
         Distracted        |       |       |     1 |     3 ||     4
 Armour: Skin              |     4 |     5 |     8 |     6 ||    23
  Dodge: Dodged            |    83 |    52 |   116 |   221 ||   472

Levels and vault maps discovered:
D:1:      onia_arrival_mini_maze_b, layout_basic, minmay_tromino_v7
D:2:      layout_loops_ring, basic_altar, st_stairs_12, serial_bayou_crossing
D:3:      layout_loops_ring, chequers_temple_overflow_statue_of_worship,
          minmay_bisected, uniq_ijyb
D:4:      layout_rooms, mainiacjoe_overflow_tiny_flanked, kennysheep_mini_moat,
          nicolae_kikubaaqudgha_miasma_corner, kennysheep_mini,
          mainiacjoe_overflow_catwalk, mainiacjoe_overflow_chevrons,
          cheibrodos_sewer_entry_sluice, uniq_grinder
D:5:      layout_gridville, old_standard_altar,
          minmay_temple_entry_glassed_door, serial_undead, serial_undead_e,
          serial_undead_f, serial_undead_f, serial_undead_b,
          kennysheep_generic_room_13, uniq_crazy_yiuf_cottage, uniq_edmund
D:6:      layout_gridville, nicolae_dithmenos_shadow_blocks, serial_shops, shop,
          uniq_menkaure, uniq_maggie
D:7:      wad_pebble_path, layout_basic
D:8:      layout_loops_ring, erik_lair_orcish_takeover,
          hangedman_minor_gate_pass
D:9:      layout_cave_pools
D:10:     layout_basic
D:11:     layout_rooms, serial_shops, bzr_firewalk
D:12:     layout_loops_ring, orc_0_dummy, enter_trove_6, serial_aquarium,
          aquarium_bridge_square [aquarium_subvault_window,
          aquarium_subvault_window, aquarium_subvault_bridge,
          aquarium_subvault_wall], aquarium_window_corner, aquarium_window_2,
          aquarium_view_2d, aquarium_pool_five

Notes
Turn   | Place    | Note
-------+----------+-------------------------------------------
     0 | D:1      | Jeffwins the Octopode Necromancer began the quest for the
                  | Orb.
     0 | D:1      | Reached XP level 1. HP: 11/11 MP: 3/3
   183 | D:1      | HP: 1/11 [quokka (1)]
   332 | D:1      | HP: 1/11 [frozen (1)]
   335 | D:1      | Reached XP level 2. HP: 3/17 MP: 0/5
   437 | D:1      | Reached skill level 3 in Stealth
   867 | D:1      | Reached XP level 3. HP: 21/21 MP: 0/6
   885 | D:1      | Learned a level 3 spell: Vampiric Draining
  1461 | D:2      | Found a sacrificial altar of Ru.
  1874 | D:3      | Found a snail-covered altar of Cheibriados.
  1874 | D:3      | Found a stormy altar of Qazlal.
  2024 | D:3      | Reached XP level 4. HP: 26/27 MP: 8/8
  2047 | D:3      | Learned a level 4 spell: Dispel Undead
  2156 | D:3      | Found a bloodstained altar of Trog.
  2195 | D:3      | Reached skill level 3 in Spellcasting
  2265 | D:3      | Noticed Ijyb
  2273 | D:3      | Killed Ijyb
  2589 | D:3      | Reached XP level 5. HP: 31/32 MP: 5/9
  2788 | D:4      | Found a white marble altar of Elyvilon.
  2795 | D:4      | Noticed Grinder
  2853 | D:4      | Found a glowing drain.
  2874 | D:4      | Reached skill level 1 in Fighting
  2891 | Sewer    | Entered a sewer
  3015 | Sewer    | Noticed a kobold brigand
  3018 | Sewer    | Noticed a kobold brigand
  3026 | Sewer    | Killed a kobold brigand
  3027 | Sewer    | Reached skill level 4 in Stealth
  3027 | Sewer    | Reached skill level 5 in Necromancy
  3027 | Sewer    | Reached skill level 1 in Evocations
  3027 | Sewer    | Reached XP level 6. HP: 20/38 MP: 1/11
  3048 | Sewer    | Reached skill level 3 in Dodging
  3149 | Sewer    | Found a white marble altar of Elyvilon.
  3237 | D:4      | Found a broken altar of Ashenzari.
  3313 | D:4      | Found a sparkling altar of Nemelex Xobeh.
  3330 | D:4      | Found a hazy altar of Hepliaklqana.
  3356 | D:4      | Killed Grinder
  3357 | D:4      | Reached skill level 1 in Polearms
  3357 | D:4      | Reached skill level 4 in Spellcasting
  3357 | D:4      | Reached XP level 7. HP: 14/44 MP: 11/13
  3434 | D:4      | Found an ancient bone altar of Kikubaaqudgha.
  3454 | D:4      | Became a worshipper of Kikubaaqudgha
  3475 | D:4      | You fall into a shaft and drop 3 floors!
  3535 | D:7      | Reached skill level 2 in Fighting
  3535 | D:7      | Reached skill level 1 in Throwing
  3535 | D:7      | Reached skill level 2 in Evocations
  3831 | D:7      | Reached skill level 2 in Polearms
  3882 | D:6      | Reached XP level 8. HP: 50/50 MP: 8/14
  3964 | D:6      | Noticed Maggie
  3965 | D:6      | Maggie changed into Maggie the acid dragon
  3965 | D:6      | Noticed Maggie
  3974 | D:6      | Killed Maggie the acid dragon
  3975 | D:6      | Reached skill level 5 in Stealth
  4087 | D:6      | Found a shadowy altar of Dithmenos.
  4097 | D:6      | Reached skill level 6 in Necromancy
  4180 | D:6      | Found Tito's Jewellery Shoppe.
  4287 | D:6      | Reached skill level 2 in Throwing
  4339 | D:6      | Reached skill level 3 in Polearms
  4425 | D:6      | Reached skill level 3 in Evocations
  4480 | D:6      | Reached skill level 5 in Spellcasting
  4564 | D:6      | Noticed Menkaure
  4568 | D:6      | Killed Menkaure
  4625 | D:5      | Entered Level 5 of the Dungeon
  4629 | D:5      | Reached skill level 3 in Fighting
  4629 | D:5      | Reached skill level 4 in Dodging
  4652 | D:5      | Reached XP level 9. HP: 56/56 MP: 14/16
  4872 | D:5      | Found a staircase to the Ecumenical Temple.
  4988 | D:5      | Reached skill level 6 in Stealth
  5002 | D:5      | Reached skill level 4 in Polearms
  5004 | D:5      | Reached * piety under Kikubaaqudgha
  5004 | D:5      | Received a gift from Kikubaaqudgha
  5116 | D:5      | Noticed Edmund
  5129 | D:5      | Killed Edmund
  5433 | D:5      | Reached skill level 7 in Necromancy
  5535 | D:5      | Reached skill level 3 in Throwing
  5557 | D:4      | Found a hide-covered altar of Uskayaw.
  5721 | D:4      | Identified the +0 leather armour of Parts Unknown {+Blink}
  5825 | D:5      | Found an iron altar of Okawaru.
  6248 | D:5      | Found a runed translucent door.
  6249 | D:5      | Noticed Crazy Yiuf
  6255 | D:5      | Killed Crazy Yiuf
  6477 | D:6      | Reached skill level 6 in Spellcasting
  6477 | D:6      | Reached skill level 4 in Evocations
  6598 | D:6      | Noticed a hornet
  6618 | D:6      | Killed a hornet
  6717 | D:6      | Reached XP level 10. HP: 54/63 MP: 14/19
  6721 | D:6      | Reached skill level 5 in Polearms
  7405 | D:7      | Reached ** piety under Kikubaaqudgha
  7667 | D:7      | Reached skill level 4 in Fighting
  7996 | D:8      | Reached skill level 7 in Stealth
  8155 | D:8      | Reached skill level 5 in Dodging
  8395 | D:8      | Found a staircase to the Lair.
  8435 | D:8      | Reached skill level 8 in Necromancy
  8721 | D:8      | Reached skill level 4 in Throwing
  8980 | D:8      | Reached *** piety under Kikubaaqudgha
  8980 | D:8      | Received a gift from Kikubaaqudgha
  8981 | D:8      | Reached skill level 6 in Polearms
  9261 | D:9      | Reached skill level 5 in Evocations
  9344 | D:9      | Reached skill level 7 in Spellcasting
  9541 | D:9      | Reached XP level 11. HP: 56/70 MP: 7/21
 10146 | D:10     | Entered Level 10 of the Dungeon
 10666 | D:10     | Reached **** piety under Kikubaaqudgha
 10726 | D:10     | Reached skill level 8 in Stealth
 11100 | D:10     | Identified the +1 robe "Paat" {Harm rPois rN+ Str-4}
 11140 | D:11     | Noticed a two-headed ogre
 11222 | D:11     | Noticed a two-headed ogre
 11269 | D:11     | Noticed a manticore
 11270 | D:11     | Killed a two-headed ogre
 11271 | D:11     | Reached skill level 5 in Fighting
 11271 | D:11     | Reached skill level 1 in Shields
 11278 | D:11     | Killed a manticore
 11441 | D:11     | Killed a two-headed ogre
 11584 | D:11     | Reached skill level 7 in Polearms
 11584 | D:11     | Reached skill level 9 in Necromancy
 11598 | D:11     | Reached skill level 5 in Throwing
 11720 | D:11     | Found a gateway to a bazaar.
 12070 | D:12     | Learned a level 6 spell: Death Channel
 12163 | D:12     | Found a portal to a secret trove of treasure.
 12227 | D:12     | Noticed a deep elf pyromancer
 12232 | D:12     | Killed a deep elf pyromancer
 12233 | D:12     | Noticed a cyclops
 12240 | D:12     | Noticed a manticore
 12243 | D:12     | Killed a cyclops
 12244 | D:12     | Reached skill level 6 in Dodging
 12251 | D:12     | HP: 3/72 [manticore (23)]
 12251 | D:12     | Mangled by a manticore

Vanquished Creatures
  2 two-headed ogres (D:11)
  A deep elf pyromancer (D:12)
  A cyclops (D:12)
  A manticore (D:11)
  A hornet (D:6)
  Grinder (D:4)
  A shadow (D:10)
  15 yaks
  2 wraiths
  A wyvern (D:8)
  2 steam dragons
  Edmund (D:5)
  Menkaure (D:6)
  2 wargs (D:8)
  An acid dragon (D:6)
  2 water moccasins
  6 orc warriors
  An ice beast (D:6)
  5 sky beasts
  3 black bears
  8 centaurs
  5 phantoms
  7 kobold brigands
  A gnoll sergeant (D:8)
  2 bullfrogs
  2 scorpions (D:5)
  18 wights
  A water moccasin skeleton (D:5)
  5 howler monkeys
  A bullfrog zombie (D:5)
  6 hounds
  3 jellies (D:6)
  6 orc priests
  Crazy Yiuf (D:5)
  A gnoll bouda (D:5)
  A sleepcap (D:5)
  Ijyb (D:3)
  3 iguanas
  12 orc wizards
  2 scorpion zombies (D:5)
  A hound zombie (D:5)
  A hound skeleton (D:5)
  5 gnolls (D:5)
  6 adders
  2 river rats
  4 ufetubi
  An adder zombie (D:5)
  2 worms
  5 dart slugs
  30 orcs
  6 ball pythons
  8 endoplasms
  A giant cockroach (D:1)
  4 hobgoblins
  10 jackals
  38 kobolds
  3 quokkas
  4 bats
  6 frilled lizards
  5 goblins
  12 rats
290 creatures vanquished.

Vanquished Creatures (collateral kills)
  An orc priest (D:6)
  An orc (D:6)
  A rat (D:3)
3 creatures vanquished.

Vanquished Creatures (others)
  3 yaks (D:11)
  A plant (D:2)
  2 withered plants (D:5)
6 creatures vanquished.

Grand Total: 299 creatures vanquished

Table legend: (Time is in decaauts)
 A = Elapsed time spent in this place.
 B = Non-inter-level travel time spent in this place.
 C = Inter-level travel time spent in this place.
 D = Time resting spent in this place.
 E = Time spent auto-exploring this place.
 F = Levels seen in this place.
 G = Mean time per level.
                   A        B        C        D        E       F      G
               +--------+--------+--------+--------+--------+-----+--------+
         Total |  12288 |  11699 |    589 |    730 |   8673 |  13 |  945.2 |
       Dungeon |  11988 |  11399 |    589 |    730 |   8506 |  12 |  999.0 |
         Sewer |    299 |    299 |      0 |      0 |    167 |   1 |  299.0 |
               +--------+--------+--------+--------+--------+-----+--------+

Top non-repeatable levels by time:
     D:5: 1567 daAuts
     D:8: 1498 daAuts
     D:6: 1431 daAuts
     D:1: 1140 daAuts
     D:7: 1106 daAuts
    D:10: 1056 daAuts
     D:9: 1036 daAuts
     D:3: 957 daAuts
     D:2: 724 daAuts
    D:11: 659 daAuts
     D:4: 556 daAuts
   Sewer: 299 daAuts
    D:12: 254 daAuts

Table legend:
 A = Non-vault XP
 B = Vault XP
 C = Vault XP percentage of total XP
 D = Non-vault monster count
 E = Vault monster count
 F = Vault count percentage of total count
                 A         B        C        D         E       F
            +---------+---------+-------+---------+---------+-------
      Total |   14029 |    2998 |  17.6 |     236 |      57 |  19.5
            +---------+---------+-------+---------+---------+-------
        D:1 |      35 |       7 |  16.7 |      21 |       3 |  12.5
        D:2 |      28 |       1 |   3.4 |      17 |       1 |   5.6
        D:3 |      52 |      53 |  50.5 |      16 |       5 |  23.8
        D:4 |     105 |     302 |  74.2 |      11 |       4 |  26.7
        D:5 |     791 |     807 |  50.5 |      19 |      12 |  38.7
        D:6 |    1796 |     337 |  15.8 |      29 |       2 |   6.5
        D:7 |     830 |       0 |   0.0 |      17 |       0 |   0.0
        D:8 |    1693 |    1261 |  42.7 |      36 |      16 |  30.8
        D:9 |    1744 |       0 |   0.0 |      34 |       0 |   0.0
       D:10 |    2209 |       0 |   0.0 |      18 |       0 |   0.0
       D:11 |    3441 |       0 |   0.0 |      15 |       0 |   0.0
       D:12 |    1305 |       0 |   0.0 |       3 |       0 |   0.0
      Sewer |       0 |     230 | 100.0 |       0 |      14 | 100.0
            +---------+---------+-------+---------+---------+-------
